 Dungeon Crawl Stone Soup version 0.29.1-1-gd02db6906a (webtiles) character file.

Game seed: 1174305328533953726

91 themarg the Caller (level 4, -1/30 HPs)
             Began as a Merfolk Summoner on Sept 19, 2022.
             Slain by a river rat (5 damage)
             ... on level 3 of the Dungeon.
             The game lasted 00:16:31 (3159 turns).

themarg the Caller (Merfolk Summoner)               Turns: 3159, Time: 00:16:31

Health: -1/30      AC:  3    Str:  8    XL:     4   Next: 57%
Magic:  4/8        EV: 13    Int: 16    God:
Gold:   120        SH:  0    Dex: 14    Spells: 5/9 levels left

rFire   . . .      SeeInvis .   l - +0 spear
rCold   . . .      Faith    .   (no shield)
rNeg    . . .      Spirit   .   a - +0 robe
rPois   .          Reflect  .   d - +0 helmet
rElec   .          Harm     .   (no cloak)
rCorr   .          Rampage  .   (no gloves)
Will    .....                   (no boots)
Stlth   ++........              (no amulet)
HPRegen 0.10/turn               (no ring)
MPRegen 0.11/turn               (no ring)

@: no status effects
A: (nimble swimmer 2), mertail
a: no special abilities


You were on level 3 of the Dungeon.
You visited 1 branch of the dungeon, and saw 3 of its levels.

You collected 120 gold pieces.

Inventory:

Hand Weapons
 l - a +0 spear (weapon)
Missiles
 g - 2 poisoned darts
Armour
 a - a +0 robe (worn)
 d - a +0 helmet (worn)
Scrolls
 c - 4 scrolls of identify {unknown}
 e - a scroll of noise {unknown}
 h - a scroll of enchant weapon {unknown}
 k - a scroll of teleportation {unknown}
 m - a scroll of summoning {unknown}
 n - a scroll of butterflies {unknown}
 p - a scroll of magic mapping {unknown}
Potions
 f - 2 potions of ambrosia {unknown}
 i - a potion of curing {unknown}
 j - a potion of berserk rage {unknown}
 o - a potion of haste {unknown}


   Skills:
 - Level 3.0 Dodging
 - Level 3.0 Stealth
 - Level 3.0 Spellcasting
 + Level 4.9 Summonings


You had 5 spell levels left.
You knew the following spells:

 Your Spells              Type           Power      Damage    Failure   Level
a - Summon Small Mammal   Summ           72%        N/A       2%          1
b - Call Canine Familiar  Summ           18%        N/A       8%          3

Your spell library contained the following spells:

 Spells                   Type           Power      Damage    Failure   Level
 Call Imp                 Summ           18%        N/A       3%          2
 Summon Guardian Golem    Hex/Summ       10%        N/A       21%         3
 Frozen Ramparts          Ice            4%         1d1       50%         3
 Summon Ice Beast         Ice/Summ       10%        N/A       56%         4
 Summon Lightning Spire   Summ/Air       10%        N/A       56%         4
 Ice Form                 Ice/Tmut       2%         N/A       88%         4


Dungeon Overview and Level Annotations

Branches:
Dungeon (3/15)

Altars:

Annotations:
D:3 2 transporters, 13 exclusions, masschaos23's ghost, amateur HOFi


Innate Abilities, Weirdness & Mutations

((You are very nimble when in or above water. (Stealth+, EV+, Speed+++)))
Your lower body shifts to a powerful aquatic tail in water.


Message History

The giant cockroach dies!
Reach: l) +0 spear
Press: ? - help, Dir - move target, f - river rat
Aim: a river rat (about 43% to evade your +0 spear)
You reach to attack!
You hit the river rat but do no damage.
Your hound closely misses the river rat.
Your hound barely misses the river rat.
You closely miss the river rat. Your hound misses the river rat.
The river rat barely misses you.
The river rat closely misses your hound.
You hit the river rat but do no damage.
Your hound bites the river rat.
The river rat misses you. The river rat misses your hound.
Your hound closely misses the river rat.
You hit the river rat but do no damage.
The river rat is moderately wounded.
Your hound closely misses the river rat.
The river rat closely misses you. The river rat bites your hound.
Your hound bites the river rat but does no damage.
You barely miss the river rat.
The river rat is moderately wounded.
The river rat misses you. The river rat bites your hound.
Your hound closely misses the river rat.
You hit the river rat.
The river rat is moderately wounded.
Your hound barely misses the river rat.
The river rat barely misses you. The river rat bites your hound!
Your hound bites the river rat.
The river rat bites you. The river rat bites your hound.
You closely miss the river rat.
The river rat is moderately wounded.
Your hound disappears in a puff of smoke!
The river rat bites you. The river rat attacks as you move away!
The river rat barely misses you. The river rat attacks as you move away!
The river rat closely misses you. The river rat attacks as you move away!
The river rat bites you.
* * * LOW HITPOINT WARNING * * *
Casting: Call Canine Familiar (quite dangerous; 8% risk of failure)
Confirm with . or Enter, or press ? or * to list all spells.
The spell is quite dangerous to miscast (8% risk of failure)!
Continue anyway?
The river rat bites you.
You die...

#~.~...# #~~..#.#
+##+~~(.#.# ##
~~~~~~..#.# #.
~.~~~†....#
###########.
~~~.....#.#
#...........
........#.####
#.#########$
########.....# #.# #.
#.###@#####.#########.
#.###r.h..............
#.rr..........###.#.#.
#..##########.# #.#.#.
#..# .<.....#. #..#
.###..... #..# #
#..##. #..# #..##..###
##.# #......# #


You could see a river rat (ally target) and a friendly hound (summoned).

Vanquished Creatures
  A dart slug (D:1)
  2 ball pythons
  2 bats
  An endoplasm (D:2)
  A goblin (D:2)
  A hobgoblin (D:2)
  A jackal (D:1)
  3 quokkas (D:2)
  3 frilled lizards
15 creatures vanquished.

Vanquished Creatures (collateral kills)
  2 adders (D:2)
  A worm (D:2)
  An orc (D:3)
  5 ball pythons
  6 endoplasms
  2 giant cockroaches
  5 hobgoblins
  2 jackals (D:1)
  5 kobolds
  A quokka (D:1)
  5 bats
  5 goblins
  5 rats
45 creatures vanquished.

Grand Total: 60 creatures vanquished

Notes
Turn   | Place    | Note
-------+----------+-------------------------------------------
     0 | D:1      | themarg the Merfolk Summoner began the quest for the Orb.
     0 | D:1      | Reached XP level 1. HP: 13/13 MP: 3/3
   396 | D:1      | Reached XP level 2. HP: 19/19 MP: 1/5
   966 | D:1      | Reached XP level 3. HP: 19/24 MP: 3/6
  1026 | D:1      | Learned a level 3 spell: Call Canine Familiar
  1783 | D:2      | Reached XP level 4. HP: 30/30 MP: 5/8
  1827 | D:2      | Found a faded altar of an unknown god.
  2815 | D:3      | Found a transporter.
  2818 | D:3      | Found a transporter.
  2818 | D:3      | Identified the +10 great mace "Myun" {freeze, Int+3 Dex+4}
  2818 | D:3      | Noticed an ogre
  2818 | D:3      | Noticed masschaos23's ghost (amateur HOFi)
  3159 | D:3      | Slain by a river rat

Illustrated notes

Levels and vault maps discovered:
D:1:      amcnicky_arrival_underground_garden, layout_basic, minmay_cupped
D:2:      layout_loops_ring, chequers_ecumenical_altar_simple_redux,
          kennysheep_generic_room_12
D:3:      layout_loops_ring, gammafunk_ghost_smash, portal_sewer_entry_e,
          minivault_5

Skill      XL: |  1  2  3  4 |
---------------+-------------+-----
Dodging        | 3 |  3.0
Stealth        | 3 |  3.0
Spellcasting   | 3 |  3.0
Summonings     | |  4.9

Action                   |  1- 3 |  4- 6 || total
-------------------------+-------+-------++-------
Melee: Short sword       |    21 |     3 ||    24
       Unarmed           |     2 |       ||     2
       Spear             |       |    72 ||    72
 Cast: Summon Small Mamm |    47 |    29 ||    76
       Call Canine Famil |       |     6 ||     6
  Use: Potion            |       |     1 ||     1
 Stab: Sleeping          |       |     3 ||     3
       Distracted        |       |     1 ||     1
Armor: Robe              |     6 |    12 ||    18
Dodge: Dodged            |    19 |    53 ||    72
